 Dungeon Crawl Stone Soup version 0.25-a0-97-g19cdb01 (webtiles) character file.

Game seed: 2662006551584372102, levelgen mode: deterministic

30 silenth the Gusty (level 3, -1/19 HPs)
             Began as a Tengu Air Elementalist on Nov 12, 2019.
             Slain by Terence
             ... wielding a +0 flail
              (2 damage)
             ... on level 2 of the Dungeon.
             The game lasted 00:01:05 (1308 turns).

silenth the Gusty (Tengu Air Elementalist)          Turns: 1308, Time: 00:01:06

Health: -1/19      AC:  2    Str:  8    XL:     3   Next: 18%
Magic:  3/7        EV: 12    Int: 16    God:
Gold:   91         SH:  0    Dex: 14    Spells: 0/6 levels left

rFire    . . .     SeeInvis .   f - +0 dagger
rCold    . . .     Gourm    .   (no shield)
rNeg     . . .     Faith    .   a - +0 robe
rPois    .         Spirit   .   (helmet restricted)
rElec    .         Reflect  .   (no cloak)
rCorr    +         Harm     .   (no gloves)
MR       .....                  (boots unavailable)
Stlth    ++........             (no amulet)
HPRegen  0.06/turn              i - ring of resist corrosion
MPRegen  0.10/turn              (no ring)

@: no status effects
A: beak, talons 3
a: no special abilities


You were on level 2 of the Dungeon.
You were not hungry.

You visited 1 branch of the dungeon, and saw 2 of its levels.

You collected 91 gold pieces.

Inventory:

Hand Weapons
 f - a +0 dagger (weapon)
Armour
 a - a +0 robe (worn)
Jewellery
 i - a ring of resist corrosion (left hand)
Scrolls
 b - 2 scrolls of identify {unknown}
 h - a scroll of random uselessness
 n - a scroll of immolation {unknown}
 o - a scroll of teleportation {unknown}
 r - 2 scrolls of remove curse
Potions
 d - 2 potions of curing {unknown}
 g - a potion of ambrosia {unknown}
 j - a potion of might {unknown}
 l - a potion of brilliance {unknown}
 m - a potion of mutation {unknown}
Comestibles
 e - 3 rations
 k - a chunk of flesh


   Skills:
 - Level 2.1 Dodging
 - Level 2.0 Stealth
 + Level 2.4 Spellcasting
 + Level 2.5 Conjurations
 + Level 4.6 Air Magic


You couldn't memorise any spells.
You knew the following spells:

 Your Spells              Type           Power        Failure   Level  Hunger
a - Shock                 Conj/Air       ##..         4%          1    #......
b - Swiftness             Chrm/Air       #.......     12%         2    ###....
c - Static Discharge      Conj/Air       ##......     14%         3    ###....

Your spell library contained the following spells:

 Spells                   Type           Power        Failure   Level  Hunger
 Airstrike                Air            ###.......   30%         4    #####..
 Lightning Bolt           Conj/Air       ##........   77%         5    ######.


Dungeon Overview and Level Annotations

Branches:
Dungeon (2/15)

Altars:

Annotations:
D:2 Terence


Innate Abilities, Weirdness & Mutations

You have a beak for a mouth.
You have claws for feet.


Message History

You see here a jackal corpse.
You see here a jackal corpse.
Terence bares his teeth.
Terence hits you with a +0 flail!
* * * LOW HITPOINT WARNING * * *
Found 7 gold pieces.
Found 5 gold pieces.
A frilled lizard comes into view.
The frilled lizard barely misses you.
As you read the scroll labeled CUUHABL ZOYZO, it crumbles to dust.
You feel blessed for a moment.
It was a scroll of remove curse.
r - 2 scrolls of remove curse The frilled lizard barely misses you.
As you read the scroll labeled CYEFFO NIFICY, it crumbles to dust.
Your brain hurts!
It was a scroll of random uselessness.
The frilled lizard bites you.
* * * LOW HITPOINT WARNING * * *
Terence says, "Rest in peace."
Terence hits you with a +0 flail.
You die...

###### #....# #....# #....#
#....######## #..$........#
#.$l@######.##### ######## #..@.#
#.....#### #......# #....#
#####..... #......# ###### ######
#......# ####.. #......##########
####....#
#...............#######........
###......<..........##.....######
.........#.#..###.......(.......#
##########.##.......#...........#


You could see Terence and a frilled lizard.

Vanquished Creatures
  A dart slug (D:1)
  A leopard gecko (D:1)
  An orc (D:2)
  2 giant cockroaches
  2 goblins (D:2)
  3 hobgoblins
  4 jackals (D:2)
  2 kobolds
  2 bats (D:2)
  2 frilled lizards
  3 rats
23 creatures vanquished.

Notes
Turn   | Place    | Note
-------+----------+-------------------------------------------
     0 | D:1      | silenth the Tengu Air Elementalist began the quest for the
                  | Orb.
     0 | D:1      | Reached XP level 1. HP: 10/10 MP: 4/4
   303 | D:1      | Reached skill level 2 in Conjurations
   303 | D:1      | Reached XP level 2. HP: 15/15 MP: 0/6
  1124 | D:2      | Reached XP level 3. HP: 19/19 MP: 1/7
  1128 | D:2      | Learned a level 2 spell: Swiftness
  1133 | D:2      | Learned a level 3 spell: Static Discharge
  1275 | D:2      | Noticed Terence
  1298 | D:2      | HP: 1/19 [Terence/+0 flail (8)]
  1308 | D:2      | HP: 1/19 [frilled lizard (1)]
  1308 | D:2      | Slain by Terence

Levels and vault maps discovered:
D:1:      eino_arrival_cavern_e, layout_loops_ring,
          chequers_serial_rivers_micro_b
D:2:      layout_rooms, nicolae_overflow_hidden_temple, uniq_terence

Skill      XL: |  1 |
---------------+----+-----
Conjurations   | 2 |  2.5
Dodging        | |  2.1
Stealth        | |  2.0
Spellcasting   | |  2.4
Air Magic      | |  4.6

Action                   || total
-------------------------++-------
Melee: Unarmed           ||     1
       Dagger            ||    11
       Peck              ||     2
 Cast: Shock             ||    46
  Use: Scroll            ||     2
  Eat: Chunk             ||     2
Armor: Robe              ||     2
Dodge: Dodged            ||    26

Table legend:
 A = Non-vault XP
 B = Vault XP
 C = Vault XP percentage of total XP
 D = Non-vault monster count
 E = Vault monster count
 F = Vault count percentage of total count
                 A         B        C        D         E       F
            +---------+---------+-------+---------+---------+-------
      Total |      43 |       0 |   0.0 |      23 |       0 |   0.0
            +---------+---------+-------+---------+---------+-------
        D:1 |      18 |       0 |   0.0 |       9 |       0 |   0.0
        D:2 |      25 |       0 |   0.0 |      14 |       0 |   0.0
            +---------+---------+-------+---------+---------+-------
